 Dungeon Crawl Stone Soup version 0.26-a0-818-g75db068ed4 (webtiles) character file.

Game seed: 16125893731067347538

264 marklar909 the Conjurer (level 5, -4/39 HPs)
             Began as a Draconian Conjurer on Nov 15, 2020.
             Slain by a lemure (9 damage)
             ... led by Pikel
             ... while paralysed by Pikel
             ... on level 4 of the Dungeon.
             The game lasted 00:07:17 (5213 turns).

marklar909 the Conjurer (Draconian Conjurer)        Turns: 5213, Time: 00:07:19

Health: -4/39      AC:  5    Str:  9    XL:     5   Next: 98%
Magic:  2/9        EV:  2    Int: 20    God:
Gold:   114        SH:  0    Dex:  9    Spells: 3/10 levels left

rFire    . . .     SeeInvis .     - Unarmed
rCold    . . .     Faith    .   (no shield)
rNeg     . . .     Spirit   .   (armour unavailable)
rPois    .         Reflect  .   (helmet restricted)
rElec    .         Harm     .   (no cloak)
rCorr    .         Rampage  .   (no gloves)
MR       .....                  (no boots)
Stlth    ++........             (no amulet)
HPRegen  0.13/turn              (no ring)
MPRegen  0.11/turn              (no ring)

@: paralysed, slowed
A: unfitting armour, cold-blooded, AC +5
a: no special abilities


You were on level 4 of the Dungeon.
You visited 1 branch of the dungeon, and saw 4 of its levels.

You collected 114 gold pieces.

Inventory:

Jewellery
 m - an uncursed ring of wizardry
Wands
 l - a wand of paralysis (7)
Scrolls
 b - 2 scrolls of remove curse
 c - a scroll of teleportation
 d - 4 scrolls of identify
 e - a scroll of blinking
 g - a scroll of magic mapping {unknown}
 h - a scroll of immolation {unknown}
 i - a scroll of enchant weapon {unknown}
 k - a scroll of fog
Potions
 a - a potion of cancellation {unknown}
 f - a potion of invisibility {unknown}
 j - 2 potions of curing


   Skills:
 + Level 0.9 Fighting
 + Level 2.5 Dodging
 + Level 2.8 Stealth
 + Level 1.2 Unarmed Combat
 + Level 3.2 Spellcasting
 + Level 5.5 Conjurations


You had 3 spell levels left.
You knew the following spells:

 Your Spells              Type           Power        Failure   Level
a - Magic Dart            Conj           ####         1%          1
b - Searing Ray           Conj           ####..       2%          2
c - Iskenderun's Mystic   Conj/Tloc      ##......     41%         4

Your spell library contained the following spells:

 Spells                   Type           Power        Failure   Level
 Dazzling Flash           Conj/Hex       ##....       14%         3
 Fulminant Prism          Conj/Hex       ##........   41%         4


Dungeon Overview and Level Annotations

Branches:
Dungeon (4/15)
 Temple: D:4-7

Altars:

Annotations:
D:4 Pikel


Innate Abilities, Weirdness & Mutations

Your plain brown scales are hard. (AC +5)
You cannot fit into any form of body armour.
You are cold-blooded and may be slowed by cold attacks.


Message History

You hear the slow hiss of a very distant avalanche of sand.
Pikel zaps a wand.
You suddenly lose the ability to move!
Pikel hits you with a +0 whip of freezing.
You feel yourself slow down. Pikel freezes you. The bullfrog skeleton hits you.
Pikel hits you with a +0 whip of freezing.
Pikel freezes you. The lemure hits you. The bullfrog skeleton hits you.
* * * LOW HITPOINT WARNING * * *
You feel yourself speed up.
Pikel hits you with a +0 whip of freezing.
* * * LOW HITPOINT WARNING * * *
You feel yourself slow down. Pikel freezes you.
* * * LOW HITPOINT WARNING * * *
The bullfrog skeleton completely misses you.
The lemure completely misses you.
Pikel zaps a wand.
You shrug off the repeated paralysis!
The bullfrog skeleton hits you.
* * * LOW HITPOINT WARNING * * *
The lemure hits you!
You die...

####.#### ##.### #.#
#.....# #.# #.#.#.#
#.## #.#.#.# #..##
###.....##########.†.##
+......................
##.....########......#
#.#Z@.# #.#..#.#
#..5K.# #.#.##.#
####.## #...##.# #.#
#..###.# #.# #..###.#
#.# #......# #.#
##.##### #.# #<#####
#.# #......


You could see Pikel, a lemure and a bullfrog skeleton.

Vanquished Creatures
  A lemure (D:4)
  2 orc priests (D:3)
  An orc wizard (D:1)
  A worker ant (D:4)
  6 adders
  An ooze (D:1)
  2 worms
  3 dart slugs
  3 leopard geckos
  7 orcs
  9 bats
  6 giant cockroaches
  4 goblins
  8 hobgoblins
  3 jackals (D:3)
  8 kobolds
  3 quokkas
  A ball python (D:1)
  6 frilled lizards
  9 rats
84 creatures vanquished.

Notes
Turn   | Place    | Note
-------+----------+-------------------------------------------
     0 | D:1      | marklar909 the Draconian Conjurer began the quest for the
                  | Orb.
     0 | D:1      | Reached XP level 1. HP: 14/14 MP: 3/3
   207 | D:1      | Reached XP level 2. HP: 20/20 MP: 0/5
   511 | D:1      | Learned a level 2 spell: Searing Ray
   592 | D:1      | You fall into a shaft and drop 1 floor!
   668 | D:2      | Reached XP level 3. HP: 23/26 MP: 0/6
  2102 | D:2      | Reached skill level 5 in Conjurations
  2303 | D:1      | Reached XP level 4. HP: 8/33 MP: 1/8
  3491 | D:3      | Reached skill level 1 in Unarmed Combat
  3491 | D:3      | Reached XP level 5. HP: 39/39 MP: 4/9
  4947 | D:3      | Learned a level 4 spell: Iskenderun's Mystic Blast
  5193 | D:4      | Noticed a lemure
  5194 | D:4      | Noticed Pikel
  5194 | D:4      | Noticed a lemure
  5201 | D:4      | Killed a lemure
  5207 | D:4      | Paralysed by Pikel for 7 turns
  5213 | D:4      | Slain by a lemure

Illustrated notes

Levels and vault maps discovered:
D:1:      dpeg_arrival_yet_another_circle, layout_basic
D:2:      layout_basic, kennysheep_cross_room
D:3:      layout_basic
D:4:      layout_loops_corners, nicolae_ossuary_entry_ruins, uniq_eustachio,
          uniq_duvessa, uniq_pikel

Skill      XL: |  1  2  3  4  5 |
---------------+----------------+-----
Stealth        | 2 |  2.8
Conjurations   | 5 |  5.5
Dodging        | 2 |  2.5
Unarmed Combat | 1 |  1.2
Spellcasting   | 3 |  3.2
Fighting       | |  0.9

Action                   |  1- 3 |  4- 6 || total
-------------------------+-------+-------++-------
Melee: Unarmed           |    38 |     3 ||    41
       Tailslap          |     2 |       ||     2
 Cast: Magic Dart        |    30 |       ||    30
       Searing Ray       |    22 |    41 ||    63
  Use: Scroll            |       |     5 ||     5
Armor: Skin              |    31 |     6 ||    37
Dodge: Dodged            |    53 |    25 ||    78

Table legend: (Time is in decaauts)
 A = Elapsed time spent in this place.
 B = Non-inter-level travel time spent in this place.
 C = Inter-level travel time spent in this place.
 D = Time resting spent in this place.
 E = Time spent auto-exploring this place.
 F = Levels seen in this place.
 G = Mean time per level.
                   A        B        C        D        E       F      G
               +--------+--------+--------+--------+--------+-----+--------+
         Total |   5215 |   5090 |    125 |    469 |   3948 |   4 | 1303.8 |
       Dungeon |   5215 |   5090 |    125 |    469 |   3948 |   4 | 1303.8 |
               +--------+--------+--------+--------+--------+-----+--------+

Top non-repeatable levels by time:
     D:1: 2027 daAuts
     D:3: 1514 daAuts
     D:2: 1462 daAuts
     D:4: 210 daAuts
